 Dungeon Crawl Stone Soup version 0.24.0-29-g8ce449bc06 (webtiles) character file.

Game seed: 10486292055601375513, levelgen mode: deterministic

48 FessEmpty the Grave Robber (level 3, -8/26 HPs)
             Began as a Draconian Necromancer on Nov 15, 2019.
             Mangled by Natasha (9 damage)
             ... on level 2 of the Dungeon.
             The game lasted 00:04:27 (1307 turns).

FessEmpty the Grave Robber (Draconian Necromancer)  Turns: 1307, Time: 00:04:28

Health: -8/26      AC:  5    Str: 10    XL:     3   Next: 50%
Magic:  4/6        EV: 14    Int: 16    God:
Gold:   35         SH:  0    Dex: 11    Spells: 5/7 levels left

rFire    . . .     SeeInvis .   o - +0 short sword
rCold    . . .     Gourm    .   (no shield)
rNeg     . . .     Faith    .   (armour unavailable)
rPois    .         Spirit   .   (helmet restricted)
rElec    .         Reflect  .   (no cloak)
rCorr    .         Harm     .   (no gloves)
MR       .....                  (no boots)
Stlth    ++........             (no amulet)
HPRegen  0.08/turn              j - +2 ring of evasion
MPRegen  0.10/turn              (no ring)

@: no status effects
A: unfitting armour, cold-blooded, AC +5
a: no special abilities


You were on level 2 of the Dungeon.
You were hungry.

You visited 1 branch of the dungeon, and saw 2 of its levels.

You collected 35 gold pieces.

Inventory:

Hand Weapons
 o - a +0 short sword (weapon)
Armour
 f - a +0 large shield
Jewellery
 j - a +2 ring of evasion (left hand)
Scrolls
 c - 2 scrolls of remove curse {unknown}
 e - a scroll of magic mapping {unknown}
 g - 4 scrolls of enchant armour {unknown}
 h - 4 scrolls of identify {unknown}
 n - a scroll of teleportation {unknown}
 q - a scroll of amnesia {unknown}
Potions
 a - 2 potions of brilliance {unknown}
 d - 2 potions of lignification {unknown}
 i - a potion of cancellation {unknown}
 k - 2 potions of might {unknown}
 l - a potion of resistance {unknown}
 m - a potion of heal wounds {unknown}
 r - a potion of flight {unknown}
 s - a potion of mutation {unknown}
Comestibles
 b - 2 rations
 p - 6 chunks of flesh


   Skills:
 - Level 1.7 Dodging
 - Level 1.7 Stealth
 + Level 2.6 Spellcasting
 * Level 4.9 Necromancy


You had 5 spell levels left.
You knew the following spells:

 Your Spells              Type           Power        Failure   Level  Hunger
a - Pain                  Necr           ###.         2%          1    #......
b - Animate Skeleton      Necr           N/A          2%          1    #......

Your spell library contained the following spells:

 Spells                   Type           Power        Failure   Level  Hunger
 Vampiric Draining        Necr           ###.......   8%          3    ###....
 Regeneration             Chrm/Necr      ##........   22%         3    ###....
 Animate Dead             Necr           N/A          26%         4    #####..


Dungeon Overview and Level Annotations

Branches:
Dungeon (2/15)

Altars:
The Shining One

Annotations:
D:2 Natasha


Innate Abilities, Weirdness & Mutations

Your plain brown scales are hard. (AC +5)
You cannot fit into any form of body armour.
You are cold-blooded and may be slowed by cold attacks.


Message History

The adder writhes in agony.
You kill the adder!
You have reached level 3!
Your experience leads to an increase in your attributes!
Increase (S)trength, (I)ntelligence, or (D)exterity?
You feel clever.
Your scales feel tougher.
q - a scroll labeled NIUSAF LEAHO A bat comes into view.
Found a dark potion.
Found a club.
The helpless bat fails to defend itself.
You puncture the bat!
You kill the bat!
Found a stone staircase leading up and a stone staircase leading down.
You see here a bat corpse.
You butcher the bat corpse.
p - 2 chunks of flesh (gained 1)
You see here a bat skeleton. x2
r - a dark potion A kobold comes into view.
It is wielding a +0 dagger.
The kobold shouts!
The kobold barely misses you.
You barely miss the kobold.
You tail-slap the kobold, but do no damage.
The kobold hits you but does no damage.
You hit the kobold.
The kobold is heavily wounded.
The kobold barely misses you.
You hit the kobold.
You kill the kobold!
No target in view!
Things that are here:
a +0 dagger; a kobold corpse A bat comes into view.
A bat is nearby!
The bat closely misses you. The bat hits you but does no damage.
You miss the bat. The bat hits you but does no damage.
The bat hits you but does no damage. The bat misses you.
You closely miss the bat.
You tail-slap the bat, but do no damage.
The bat misses you.
You hit the bat but do no damage. The bat closely misses you.
The bat misses you.
You hit the bat. You tail-slap the bat.
You kill the bat!
No target in view!
You butcher the bat corpse.
p - 3 chunks of flesh (gained 1)
You see here a bat skeleton. x2
A goblin comes into view. It is wielding a +0 dagger.
The goblin shouts!
A rat comes into view.
The goblin barely misses you.
You hit the goblin but do no damage. The goblin hits you with a +0 dagger.
You barely miss the goblin. The goblin hits you with a +0 dagger.
You hit the goblin.
The goblin is heavily wounded.
The goblin hits you but does no damage.
You hit the goblin.
You kill the goblin!
You completely miss the rat. The rat barely misses you.
You hit the rat.
You kill the rat!
No target in view!
Things that are here:
a +0 dagger; a rat corpse; a goblin corpse You butcher the rat corpse.
p - 4 chunks of flesh (gained 1)
You butcher the goblin corpse.
p - 6 chunks of flesh (gained 2)
Things that are here:
a +0 dagger; a rat skeleton; a goblin skeleton
Things that are here:
a +0 dagger; a rat skeleton; a goblin skeleton A hobgoblin comes into view.
The hobgoblin shouts!
You hear a shout!
You closely miss the hobgoblin. The hobgoblin misses you.
A goblin comes into view.
You hit the hobgoblin.
The hobgoblin is severely wounded.
The hobgoblin barely misses you.
You barely miss the hobgoblin.
The hobgoblin is severely wounded.
The hobgoblin hits you but does no damage.
You hit the hobgoblin.
You kill the hobgoblin!
The goblin closely misses you.
You barely miss the goblin. The goblin closely misses you.
You closely miss the goblin. The goblin closely misses you.
You closely miss the goblin. The goblin hits you.
Some of the chunks of flesh in your inventory have rotted away.
You closely miss the goblin. The goblin hits you.
You hit the goblin.
You kill the goblin!
No target in view!
You butcher the goblin corpse.
p - 6 chunks of flesh (gained 1)
You see here a goblin skeleton. x2
s - a grey potion
k - 2 fizzy emerald potions (gained 1)
A bat comes into view.
A bat is nearby!
You hit the bat.
The bat is moderately wounded.
The bat closely misses you. The bat misses you.
You miss the bat.
The bat barely misses you. 2 hobgoblins come into view.
The hobgoblin shouts! x2
The bat barely misses you.
A hobgoblin comes into view. It is wielding a +0 mace.
You miss the bat.
The hobgoblin shouts!
The bat closely misses you.
A bat comes into view.
The bat misses you. The bat hits you but does no damage.
The bat closely misses you. The bat hits you. The bat barely misses you.
The bat misses you. The bat misses you. The bat hits you but does no damage.
The bat misses you. The bat closely misses you.
Casting: Pain (safe; 2% risk of failure)
Confirm with . or Enter, or press ? or * to list all spells.
Okay, then.
You hit the bat.
You kill the bat!
The bat misses you.
You hit the bat.
The bat is moderately wounded.
The bat hits you but does no damage. The hobgoblin hits you.
You hit the hobgoblin.
The hobgoblin is heavily wounded.
The bat barely misses you.
The hobgoblin hits you but does no damage.
You hit the hobgoblin. You tail-slap the hobgoblin.
You kill the hobgoblin!
The bat closely misses you. The hobgoblin barely misses you.
You barely miss the hobgoblin.
You are feeling hungry.
The hobgoblin misses you. The hobgoblin hits you. The bat closely misses you.
You barely miss the hobgoblin. The bat closely misses you.
The hobgoblin hits you with a +0 mace! The hobgoblin closely misses you.
You closely miss the hobgoblin. The bat barely misses you.
The hobgoblin closely misses you. The hobgoblin barely misses you.
The hobgoblin hits you but does no damage.
You hit the hobgoblin.
Your tail-slap misses the hobgoblin.
The hobgoblin is severely wounded.
The bat closely misses you.
The hobgoblin hits you but does no damage.
The hobgoblin barely misses you.
You hit the hobgoblin.
You kill the hobgoblin!
The bat misses you. The hobgoblin hits you with a +0 mace.
You are too injured to fight recklessly!
You are too injured to fight recklessly!
You barely miss the hobgoblin. The bat misses you.
The hobgoblin hits you with a +0 mace.
You hit the hobgoblin but do no damage. The bat misses you.
The hobgoblin misses you.
You closely miss the hobgoblin. The bat closely misses you.
The hobgoblin hits you with a +0 mace.
A goblin comes into view. It is wielding a +0 dagger.
The bat hits you but does no damage.
The goblin shouts!
You hear an angry hiss.
The bat hits you.
* * * LOW HITPOINT WARNING * * *
The bat closely misses you. The bat barely misses you. The bat misses you.
The bat barely misses you. The bat hits you but does no damage.
The bat barely misses you. The bat hits you but does no damage. x2
The bat barely misses you. The bat misses you. The bat misses you.
Casting: Pain (safe; 2% risk of failure)
Confirm with . or Enter, or press ? or * to list all spells.
Aiming: Pain (safe; 2% risk of failure)
Press: ? - help, Shift-Dir - straight line, f - bat
Aim: a bat (chance to defeat MR: 87%)
The bat writhes in agony.
You kill the bat!
The hobgoblin misses you.
Natasha, Servant of Life and Death comes into view.
Natasha hisses angrily.
Casting: Pain (safe; 2% risk of failure)
Confirm with . or Enter, or press ? or * to list all spells.
Aiming: Pain (safe; 2% risk of failure)
Press: ? - help, Shift-Dir - straight line, f - Natasha
Aim: Natasha (chance to defeat MR: 76%) Natasha writhes in agony.
Natasha casts a spell at you. You resist with significant effort.
Casting: Pain (safe; 2% risk of failure)
Confirm with . or Enter, or press ? or * to list all spells.
Aiming: Pain (safe; 2% risk of failure)
Press: ? - help, Shift-Dir - straight line, f/p - Natasha
Aim: Natasha (lightly wounded, chance to defeat MR: 76%) Natasha writhes in agony!
The hobgoblin hits you with a +0 mace.
* * * LOW HITPOINT WARNING * * *
Natasha claws you!
You die...

........................#########
#.##.......##...........#........
#.##.......##...........#.#######
...........#..........#.#..(..#
.##.)...####............#.....#
........# #.............#.....#
........# #.............#.....#
........# #...........).#.#####
........###.....@.......#.######
................hg.............#
#..............................#
#............##g...............#
#.....#########........>.......#
#.........##...................#
####......#.......#.......##.....
####......#.......#........ .....
...#......#.......#........ .....


You could see Natasha, a hobgoblin and a goblin.

Vanquished Creatures
  2 adders (D:2)
  A ball python (D:1)
  5 bats
  6 hobgoblins
  4 frilled lizards
  5 goblins
  4 kobolds
  2 rats
29 creatures vanquished.

Vanquished Creatures (collateral kills)
  A hobgoblin (D:1)
1 creature vanquished.

Grand Total: 30 creatures vanquished

Notes
Turn   | Place    | Note
-------+----------+-------------------------------------------
     0 | D:1      | FessEmpty the Draconian Necromancer began the quest for the
                  | Orb.
     0 | D:1      | Reached XP level 1. HP: 14/14 MP: 3/3
     2 | D:1      | Learned a level 1 spell: Animate Skeleton
   320 | D:1      | Reached XP level 2. HP: 19/20 MP: 1/5
  1104 | D:2      | Found a glowing golden altar of the Shining One.
  1116 | D:2      | Reached XP level 3. HP: 22/26 MP: 2/6
  1300 | D:2      | Noticed Natasha
  1307 | D:2      | HP: 1/26 [hobgoblin/+0 mace (5)]
  1307 | D:2      | Mangled by Natasha

Levels and vault maps discovered:
D:1:      dpeg_arrival_prison, layout_basic
D:2:      layout_basic, tso_oasis_becter, serial_glass, glass_columns_b,
          glass_columns_a, minmay_tree_intersection, minmay_3d_cube,
          uniq_natasha

Action                   || total
-------------------------++-------
Melee: Unarmed           ||    10
       Dagger            ||    12
       Tailslap          ||     6
       Short sword       ||    45
       Falchion          ||     3
 Cast: Pain              ||    22
       Animate Skeleton  ||     1
 Stab: Sleeping          ||     5
  Eat: Chunk             ||     1
Armor: Skin              ||    20
Dodge: Dodged            ||    89
